 Dungeon Crawl Stone Soup version 0.20.0-15-g7f486f2 (webtiles) character file.

49 Gorglomux the Ducker (level 3, -3/15 HPs)
             Began as a Felid Transmuter on June 17, 2017.
             Killed from afar by an orc wizard (9 damage)
             ... with a magic dart
             ... on level 3 of the Dungeon.
             The game lasted 00:05:59 (2277 turns).

Gorglomux the Ducker (Felid Transmuter)             Turns: 2277, Time: 00:06:03

Health: -3/15      AC:  2    Str:  6    XL:     3   Next: 53%
Magic:  2/7        EV: 28    Int: 15    God:
Gold:   107        SH:  0    Dex: 26    Spells: 0/6 levels left
                                        Lives:  0   Deaths: 0

rFire    . . .     SeeInvis +     - Unarmed
rCold    . . .     Gourm    .   (shield unavailable)
rNeg     . . .     Faith    .   (armour unavailable)
rPois    x         Spirit   .   (helmet unavailable)
rElec    .         Reflect  .   (cloak unavailable)
rCorr    .         Harm     .   (gloves unavailable)
MR       .....                  (boots unavailable)
Stlth    ++++......             (no amulet)
Regen    0.1/turn               (no ring)
MPRegen  0.1/turn               (no ring)

@: agile, spider-form (expiring), very slightly contaminated
A: no armour, no weapons or thrown items, stealth, see invisible, carnivore 3,
slow metabolism 1
a: End Transformation


You were on level 3 of the Dungeon.
You were completely stuffed.
You were a venomous arachnid creature.
You visited 1 branch of the dungeon, and saw 3 of its levels.

You collected 107 gold pieces.

Inventory:

Missiles
 a - 23 arrows
Scrolls
 A - a scroll of identify {unknown}
 F - 2 scrolls of remove curse {unknown}
 G - a scroll of amnesia {unknown}
 L - 2 scrolls of blinking {unknown}
Potions
 C - a potion of mutation {unknown}
 E - a potion of resistance {unknown}
 I - a potion of haste {unknown}
 J - a potion of berserk rage {unknown}
Books
 b - a book of Changes

   Spells                             Type                      Level
   a - Beastly Appendage              Transmutation                1
   b - Sticks to Snakes               Transmutation                2
   c - Spider Form                    Transmutation/Poison         3
   d - Ice Form                       Ice/Transmutation            4
   e - Blade Hands                    Transmutation                5
Comestibles
 z - 3 meat rations
 M - 2 chunks of flesh


   Skills:
 - Level 1.2 Fighting
 + Level 3.6 Dodging
 + Level 2.6 Stealth
 + Level 3.5 Unarmed Combat
 - Level 2.0 Spellcasting
 - Level 2.1 Transmutations


You couldn't memorise any spells.
You knew the following spells:

 Your Spells              Type           Power        Failure   Level  Hunger
a - Beastly Appendage     Tmut           #.....       22%         1    #......
b - Spider Form           Tmut/Pois      #.........   61%         3    ###....
s - Sticks to Snakes      Tmut           #.......     32%         2    ###....


Dungeon Overview and Level Annotations

Branches:
Dungeon (3/15)

Altars:
Ashenzari


Innate Abilities, Weirdness & Mutations

You cannot wear armour.
You are incapable of wielding weapons or throwing items.
Your paws allow you to move quietly. (Stealth)
((You have sharp claws.))
((You have razor-sharp teeth.))
You have supernaturally acute eyesight. (SInv)
You are carnivorous and can eat meat at any time.
((You cover ground quickly.))
((You are covered in fur. (AC +1)))
You have a slow metabolism.
((Your sharp claws are effective at attacking unaware monsters.))


Message History

The orc hits you with a war axe!
Ouch! That really hurt!
You hit the orc.
You kill the orc!
Your transformation is almost over.
You hit the orc wizard but do no damage.
The orc wizard completely misses you.
You hit the orc wizard but do no damage.
The orc wizard is poisoned.
The orc wizard misses you.
A frilled lizard comes into view.
The frilled lizard hisses angrily.
The orc wizard casts a spell.
The orc wizard seems to speed up.
It was a potion of agility.
You feel agile all of a sudden.
The orc shouts!
The orc wizard gestures at you while chanting.
The magic dart hits you!
Ouch! That really hurt!
You die...

####### #.oo..#
#####.###s#
#.......#.#
#####..<#.#
#.....o....#####o#.
..........o.l....oo.
##.###......o......o
.. #........####.#
#........#
#........#


You could see an orc wizard, 3 orcs and a frilled lizard.

Vanquished Creatures
  An ooze (D:2)
  3 worms (D:2)
  A leopard gecko (D:1)
  An orc (D:3)
  A ball python (D:1)
  3 giant cockroaches
  3 goblins (D:2)
  4 hobgoblins
  7 bats
  3 frilled lizards
  3 kobolds
  5 rats
35 creatures vanquished.

Notes
Turn   | Place    | Note
-------+----------+-------------------------------------------
     0 | D:1      | Gorglomux the Felid Transmuter began the quest for the Orb.
     0 | D:1      | Reached XP level 1. HP: 9/9 MP: 4/4
    66 | D:1      | Reached skill level 1 in Stealth
   207 | D:1      | Reached skill level 3 in Dodging
   341 | D:1      | Reached XP level 2. HP: 12/12 MP: 4/6
   404 | D:1      | Learned a level 2 spell: Sticks to Snakes
  1165 | D:2      | Reached XP level 3. HP: 15/15 MP: 5/7
  1925 | D:2      | Found a shattered altar of Ashenzari.
  2260 | D:3      | Learned a level 3 spell: Spider Form
  2277 | D:3      | Killed from afar by an orc wizard

Skill      XL: |  1  2  3 |
---------------+----------+-----
Stealth        | 1 2 |  2.6
Dodging        | 3 |  3.6
Fighting       | |  1.2
Unarmed Combat | |  3.5
Spellcasting   | |  2.0
Transmutations | |  2.1

Action                   || total
-------------------------++-------
Melee: Unarmed           ||    92
       Headbutt          ||    13
       Bite              ||     7
 Cast: Beastly Appendage ||    27
       Sticks to Snakes  ||     3
       Spider Form       ||     1
  Use: Potion            ||     1
 Stab: Sleeping          ||     8
  Eat: Chunk             ||    11
Armor: Skin              ||     1
Dodge: Dodged            ||    51
